 Dungeon Crawl Stone Soup version 0.20.2-3-g29329e0561 (webtiles) character file.

1981 Alfie the Cutter (level 9, 0/78 HPs)
             Began as a Hill Orc Fighter on Oct 19, 2023.
             Slain by a sky beast (6 damage)
             ... on level 6 of the Dungeon.
             The game lasted 00:13:09 (4788 turns).

Alfie the Cutter (Hill Orc Fighter)                 Turns: 4788, Time: 00:13:10

Health: 0/78       AC: 11    Str: 22    XL:     9   Next: 20%
Magic:  9/9        EV:  9    Int:  8    God:
Gold:   246        SH: 10    Dex: 10    Spells: 8/8 levels left

rFire    . . .     SeeInvis .   a - +0 rapier
rCold    . . .     Gourm    .   c - +0 shield
rNeg     . . .     Faith    .   b - +0 scale mail
rPois    .         Spirit   .   E - +0 helmet
rElec    .         Reflect  .   (no cloak)
rCorr    .         Harm     .   y - +0 pair of gloves
MR       +....                  C - +0 pair of boots
Stlth    ..........             (no amulet)
Regen    0.3/turn               q - ring of protection from magic
MPRegen  0.2/turn               (no ring)

@: no status effects
A: no striking features
a: no special abilities


You were on level 6 of the Dungeon.
You were not hungry.

You visited 1 branch of the dungeon, and saw 6 of its levels.

You collected 246 gold pieces.

Inventory:

Hand Weapons
 a - a +0 rapier (weapon)
Armour
 b - a +0 scale mail (worn)
 c - a +0 shield (worn)
 y - a +0 pair of gloves (worn)
 C - a +0 pair of boots (worn)
 E - a +0 helmet (worn)
Jewellery
 d - a cursed -2 ring of protection {unknown}
 g - an uncursed amulet of guardian spirit
 p - an uncursed amulet of harm
 q - a ring of protection from magic (left hand)
 s - an uncursed ring of protection from fire
 A - an uncursed ring of resist corrosion
Wands
 x - a wand of paralysis (12/24)
 B - a wand of polymorph (10/24)
Scrolls
 e - a scroll of remove curse
 f - a scroll of identify
 i - 2 scrolls of fog
 D - a scroll of recharging {unknown}
Potions
 h - a potion of invisibility {unknown}
 j - a potion of flight {unknown}
 k - a potion of magic {unknown}
 l - a potion of agility
 m - a potion of cancellation {unknown}
 o - a potion of degeneration {unknown}
 r - a potion of haste {unknown}
 u - 2 potions of curing {unknown}
 v - a potion of berserk rage {unknown}
 z - a potion of might
Comestibles
 n - a bread ration
 t - 2 meat rations


   Skills:
 + Level 6.4 Fighting
 + Level 7.9 Short Blades
 + Level 6.4 Armour
 + Level 2.4 Dodging
 + Level 0.6 Stealth
 + Level 6.0 Shields


You had 8 spell levels left.
You didn't know any spells.

Dungeon Overview and Level Annotations

Branches:
Dungeon (6/15)
 Temple: D:4-7

Altars:
Elyvilon
Trog
Xom


Message History

Something hits you.
* * * LOW HITPOINT WARNING * * *
Something shocks you.
* * * LOW HITPOINT WARNING * * *
There is a stone staircase leading down here.
You completely miss something. You block something's attack.
You miss something. Something hits you but does no damage.
You miss something. Something hits you but does no damage.
You closely miss something. You block something's attack.
You hit something. You hit something but do no damage.
Something hits you but does no damage.
You closely miss something. Something hits you.
* * * LOW HITPOINT WARNING * * *
Something shocks you.
* * * LOW HITPOINT WARNING * * *
You closely miss something. Something hits you but does no damage.
You miss something. Something hits you.
* * * LOW HITPOINT WARNING * * *
Something shocks you.
You die...

#.########### #.# #.# #.#
#####.# #.....#
#################.#####
...............##.############
.#######....≈≈.{@.............
'##########≈≈≈..#.####........
........##≈≈≈.#.#.# #........
.......##≈≈≈#.#.#.# #........
......##≈≈≈##.#.#.# #........
.....##≈≈≈# #.....####........
....##≈≈≈# #.#...............
...##≈≈≈## #.########........
..##≈≈≈## #.# #........


There were no monsters in sight!

Vanquished Creatures
  The ghost of Alfie the Cutter, a novice HOFi (D:6)
  The ghost of Alfie the Shield-Bearer, an amateur HOFi (D:3)
  Edmund (D:5)
  A water moccasin (D:6)
  A black bear (D:6)
  A phantom (D:4)
  2 ogres
  2 bullfrogs (D:6)
  3 scorpions (D:4)
  A crimson imp (D:5)
  A hound (D:6)
  A jelly (D:5)
  An orc wizard (D:4)
  A bullfrog skeleton (D:6)
  2 iguanas
  7 worker ants
  5 adders
  A howler monkey skeleton (D:4)
  A shadow imp (D:6)
  2 oozes
  2 worms
  A dart slug (D:3)
  7 leopard geckos
  9 orcs
  2 ball pythons
  6 bats
  A giant cockroach (D:1)
  11 goblins
  8 hobgoblins
  13 jackals
  4 quokkas (D:2)
  5 frilled lizards
  10 kobolds
  8 rats
123 creatures vanquished.

Vanquished Creatures (others)
  A plant (D:2)
1 creature vanquished.

Grand Total: 124 creatures vanquished

Notes
Turn   | Place    | Note
-------+----------+-------------------------------------------
     0 | D:1      | Alfie the Hill Orc Fighter began the quest for the Orb.
     0 | D:1      | Reached XP level 1. HP: 19/19 MP: 1/1
    97 | D:1      | Reached XP level 2. HP: 24/27 MP: 2/2
   245 | D:1      | Reached XP level 3. HP: 28/33 MP: 3/3
   899 | D:2      | Reached skill level 3 in Short Blades
   986 | D:2      | Found a bloodstained altar of Trog.
   990 | D:2      | Reached XP level 4. HP: 40/40 MP: 4/4
  1357 | D:2      | Found a shimmering altar of Xom.
  1503 | D:3      | Noticed Alfie's ghost (amateur HOFi)
  1514 | D:3      | Killed Alfie's ghost
  1514 | D:3      | Reached skill level 4 in Short Blades
  1514 | D:3      | Reached skill level 1 in Dodging
  1514 | D:3      | Reached XP level 5. HP: 31/47 MP: 5/5
  1704 | D:3      | Reached XP level 6. HP: 53/53 MP: 6/6
  2623 | D:4      | Reached skill level 5 in Short Blades
  2935 | D:4      | Noticed a phantom
  3044 | D:4      | Killed a phantom
  3044 | D:4      | Reached XP level 7. HP: 40/60 MP: 7/7
  3115 | D:4      | Reached skill level 5 in Fighting
  3370 | D:5      | Entered Level 5 of the Dungeon
  3385 | D:5      | Reached skill level 5 in Armour
  3419 | D:5      | Found a white marble altar of Elyvilon.
  3496 | D:5      | Noticed Edmund
  3500 | D:5      | Reached skill level 6 in Short Blades
  3733 | D:5      | Reached XP level 8. HP: 44/68 MP: 8/8
  3890 | D:5      | Killed Edmund
  3890 | D:5      | Reached skill level 5 in Shields
  4574 | D:6      | Reached skill level 7 in Short Blades
  4650 | D:6      | Noticed Alfie's ghost (novice HOFi)
  4712 | D:6      | Killed Alfie's ghost
  4712 | D:6      | Reached XP level 9. HP: 29/78 MP: 9/9
  4788 | D:6      | Slain by a sky beast

Skill      XL: |  1  2  3  4  5  6  7  8 |
---------------+-------------------------+-----
Short Blades   | 3 4 5 6 7 |  7.9
Fighting       | 4 5 6 |  6.4
Armour         | 4 5 6 |  6.4
Dodging        | 1 2 |  2.4
Shields        | 4 6 |  6.0
Stealth        | |  0.6

Action                   |  1- 3 |  4- 6 |  7- 9 || total
-------------------------+-------+-------+-------++-------
Melee: Rapier            |   172 |   179 |   315 ||   666
  Use: Scroll            |       |     6 |     6 ||    12
       Potion            |       |     3 |     2 ||     5
  Eat: Fruit             |       |     2 |     1 ||     3
       Meat ration       |       |     1 |     1 ||     2
       Bread ration      |       |       |     1 ||     1
Armor: Scale mail        |    88 |    45 |    86 ||   219
Dodge: Dodged            |    68 |    43 |    62 ||   173
Block: Shield            |   107 |    57 |   126 ||   290
